 Dungeon Crawl Stone Soup version 0.28.0-43-g3370ac3207 (webtiles) character file.

Game seed: 9324276551642421102

40 2bobheroes the Chucker (level 3, -6/31 HPs)
             Began as a Gnoll Wanderer on Mar 20, 2022.
             Succumbed to a kobold's poison
             ... on level 2 of the Dungeon.
             The game lasted 00:03:15 (1702 turns).

2bobheroes the Chucker (Gnoll Wanderer)             Turns: 1702, Time: 00:03:16

Health: -6/31      AC:  4    Str: 12 (15) XL:     3   Next: 50%
Magic:  7/7        EV: 12    Int:  6 (7)  God:
Gold:   74         SH:  0    Dex: 11 (13) Spells: 7/7 levels left

rFire   . . .      SeeInvis .   a - +2 hand axe
rCold   . . .      Faith    .   (no shield)
rNeg    . . .      Spirit   .   e - +0 leather armour
rPois   .          Reflect  .   (no helmet)
rElec   .          Harm     .   j - +0 cloak
rCorr   .          Rampage  .   (no gloves)
Will    .....                   (no boots)
Stlth   +.........              (no amulet)
HPRegen 0.10/turn               (no ring)
MPRegen 0.10/turn               (no ring)

@: lethally poisoned (-6 -> -41)
A: fangs 1, strong nose, distributed training
a: no special abilities


You were on level 2 of the Dungeon.
You visited 1 branch of the dungeon, and saw 2 of its levels.

You collected 74 gold pieces.

Inventory:

Hand Weapons
 a - a +2 hand axe (weapon)
 b - a +0 short sword
 d - a +0 dagger
Missiles
 c - 10 poisoned darts (quivered)
 f - 31 stones
 g - 2 boomerangs
Armour
 e - a +0 leather armour (worn)
 j - a +0 cloak (worn)
 m - a +0 pair of gloves
 q - a scarf of repulsion
Scrolls
 h - 2 scrolls of identify {unknown}
 k - a scroll of magic mapping {unknown}
 n - a scroll of enchant weapon {unknown}
 p - a scroll of amnesia {unknown}
Potions
 l - a potion of lignification {unknown}
 o - a potion of curing {unknown}
 r - a potion of magic {unknown}


   Skills:
 + Level 4.5 Fighting
 + Level 2.6 Short Blades
 + Level 0.8 Long Blades
 + Level 4.5 Axes
 + Level 0.8 Maces & Flails
 + Level 0.8 Polearms
 + Level 0.8 Staves
 + Level 0.8 Slings
 + Level 0.8 Bows
 + Level 0.8 Crossbows
 + Level 4.5 Throwing
 + Level 2.6 Armour
 + Level 2.6 Dodging
 + Level 0.8 Stealth
 + Level 0.8 Shields
 + Level 0.8 Unarmed Combat
 + Level 2.8 Spellcasting
 + Level 0.5 Conjurations
 + Level 0.5 Hexes
 + Level 0.5 Summonings
 + Level 0.5 Necromancy
 + Level 0.5 Translocations
 + Level 0.5 Transmutations
 + Level 0.5 Fire Magic
 + Level 0.5 Ice Magic
 + Level 0.5 Air Magic
 + Level 0.5 Earth Magic
 + Level 0.5 Poison Magic
 + Level 1.0 Invocations
 + Level 0.8 Evocations


You had 7 spell levels left.
You didn't know any spells.
Your spell library was empty.

Dungeon Overview and Level Annotations

Branches:
Dungeon (2/15)

Altars:

Shops:
D:1 (


Innate Abilities, Weirdness & Mutations

You have very sharp teeth.
Your uncanny sense of smell can sniff out nearby items.
Your experience applies equally to all skills.


Message History

The ball python misses you. The ball python barely misses you.
You closely miss the ball python.
You bite the ball python, but do no damage.
The ball python misses you. The ball python grabs you.
The ball python constricts you.
You slash the ball python!
You kill the ball python!
The kobold barely misses you.
You hit the kobold.
The kobold is heavily wounded.
The kobold hits you with a +2 short sword of venom.
You are poisoned.
You closely miss the kobold.
The kobold is heavily wounded.
You feel sick.
The kobold hits you with a +2 short sword of venom.
You are lethally poisoned!
You hit the kobold. You bite the kobold, but do no damage.
The kobold is severely wounded.
You feel very sick. The kobold barely misses you.
The kobold hits you but does no damage.
You are more poisoned.
You barely miss the kobold.
The kobold is severely wounded.
You feel very sick. The kobold hits you but does no damage.
You are more poisoned.
You are too injured to fight recklessly!
You are too injured to fight recklessly!
You closely miss the kobold.
The kobold is severely wounded.
* * * LOW HITPOINT WARNING * * *
You feel extremely sick.
The kobold hits you with a +2 short sword of venom.
* * * LOW HITPOINT WARNING * * *
You are more poisoned.
It was a potion of degeneration.
There was something very wrong with that liquid.
You feel weakened.
You feel dopey.
You feel clumsy.
You die... ### ## ..# .. ### #.##..# # ... #.....# . #.###.##.# ### #.# #.K......#### #.# #.# #@..(...... #.# #.# #### #.#.###### #.# #.# #PPPPPPP.PPP#

#.# #.# #P.P.......P#
..# #.####P.PPPPPPP.P#
#.# #...##P...P.....P#
#.####...##P.P.P.P.P.P#
#.##.......P.P...P.P.P#
...#.......PPP.PPPPPPP#


You could see a kobold.

Vanquished Creatures
  2 dart slugs
  3 ball pythons
  3 endoplasms
  A giant cockroach (D:1)
  A goblin (D:2)
  6 hobgoblins
  8 kobolds
  4 bats
  2 frilled lizards
  3 rats
33 creatures vanquished.

Notes
Turn   | Place    | Note
-------+----------+-------------------------------------------
     0 | D:1      | 2bobheroes the Gnoll Wanderer began the quest for the Orb.
     0 | D:1      | 2bobheroes set off with the following items: a +2 hand axe,
                  | a +0 short sword, 10 poisoned darts, a +0 dagger, a +0
                  | leather armour
     0 | D:1      | Reached XP level 1. HP: 20/20 MP: 4/4
   443 | D:1      | Reached XP level 2. HP: 22/26 MP: 5/5
   946 | D:1      | Found Ubuf Xaawo's Antique Weapon Emporium.
  1332 | D:2      | Reached XP level 3. HP: 28/31 MP: 7/7
  1560 | D:2      | Reached skill level 1 in Invocations
  1701 | D:2      | HP: 1/31 [kobold/+2 short sword of venom (3)]
  1702 | D:2      | Succumbed to a kobold's poison

Illustrated notes

Levels and vault maps discovered:
D:1:      dpeg_arrival_snail, layout_basic, serial_shops, nicolae_shop_trees
D:2:      layout_loops_ring, minmay_hedge_maze, grunt_decor_fettered,
          grunt_ministairs_15, uniq_jessica

Skill      XL: |  1  2  3 |
---------------+----------+-----
Invocations    | 1 |  1.0
Fighting       | |  4.5
Short Blades   | |  2.6
Long Blades    | |  0.8
Axes           | |  4.5
Maces & Flails | |  0.8
Polearms       | |  0.8
Staves         | |  0.8
Slings         | |  0.8
Bows           | |  0.8
Crossbows      | |  0.8
Throwing       | |  4.5
Armour         | |  2.6
Dodging        | |  2.6
Stealth        | |  0.8
Shields        | |  0.8
Unarmed Combat | |  0.8
Spellcasting   | |  2.8
Conjurations   | |  0.5
Hexes          | |  0.5
Summonings     | |  0.5
Necromancy     | |  0.5
Translocations | |  0.5
Transmutations | |  0.5
Fire Magic     | |  0.5
Ice Magic      | |  0.5
Air Magic      | |  0.5
Earth Magic    | |  0.5
Poison Magic   | |  0.5
Evocations     | |  0.8

Action                   || total
-------------------------++-------
Melee: Hand axe          ||    84
       Bite              ||     6
       Punch             ||     1
  Use: Potion            ||     1
 Stab: Sleeping          ||     2
Armor: Leather armour    ||    19
Dodge: Dodged            ||    47
